 Dungeon Sprint DCSS version 0.27-a0-412-g8dd771eca2 (webtiles) character file.

Game seed: 4601359532935426711

8523 Gaff the Severer (level 11, -3/81 HPs)
             Began as a Minotaur Berserker on Feb 23, 2021.
             Was a High Priest of Trog.
             Splashed by an oklob plant's acid (12 damage)
             ... while paralysed
             ... in the Dungeon (Sprint I: "Red Sonja") on Feb 24, 2021.
             The game lasted 00:14:19 (2608 turns).

Gaff the Severer (Minotaur Berserker)               Turns: 2608, Time: 00:14:20

Health: -3/81      AC:  5    Str: 25 (26) XL:     11   Next: 11%
Magic:  3/3        EV:  2    Int:  0 (4)  God:    Trog [*****.]
Gold:   1009       SH:  0    Dex:  9      Spells: 10/10 levels left

rFire    + . .     SeeInvis .   w - +3 battleaxe (antimagic)
rCold    . . .     Faith    .   (shield currently unavailable)
rNeg     . . .     Spirit   .   j - +4 scale mail {rF+}
rPois    .         Reflect  .   (helmet restricted)
rElec    .         Harm     .   (no cloak)
rCorr    .         Rampage  .   (no gloves)
Will     .....     NoTele   +   (no boots)
Stlth    +.........             (no amulet)
HPRegen  0.23/turn              (no ring)
MPRegen  0.08/turn              (no ring)

@: paralysed, corroded, slowed, lost intelligence
A: retaliatory headbutt, horns 2, deterioration 2, frail 3
a: Renounce Religion, Berserk, Trog's Hand, Brothers in Arms


You were in the Dungeon.
You worshipped Trog.
Trog was extremely pleased with you.
You visited 1 branch You collected 1021 gold pieces.
You spent 12 gold pieces at shops.

Inventory:

Hand Weapons
 a - a +0 hand axe
 n - a +0 trident
 p - a +0 mace
 q - a +1 short sword of venom
 v - a +4 antimagic war axe
 w - a +3 antimagic battleaxe (weapon)
 y - a +0 longbow
 E - a +0 hunting sling
Missiles
 l - 44 stones
 r - 6 curare-tipped darts
 s - 19 bolts
 B - 28 arrows
Armour
 b - a +0 animal skin
 j - a +4 scale mail of fire resistance (worn)
 k - a +2 robe of cold resistance
 u - a +0 buckler
Wands
 i - a wand of random effects (22)
Scrolls
 h - a scroll of blinking
 m - a scroll of fog {unknown}
 o - a scroll of magic mapping {unknown}
 t - a scroll of immolation {unknown}
 D - a scroll of identify {unknown}
Potions
 d - a potion of heal wounds
 e - a potion of haste
 f - 2 potions of magic
 g - a potion of berserk rage
 x - a potion of degeneration
 z - a potion of attraction {unknown}
 A - a potion of might {unknown}


   Skills:
 + Level 17.4 Fighting
 + Level 17.8 Axes
 + Level 14.0 Armour
 + Level 11.5 Dodging
 - Level 3.6 Stealth


You had 10 spell levels left.
You didn't know any spells.
Your spell library was empty.

Dungeon Overview and Level Annotations

Branches:
Dungeon (1/1)

Altars:
Cheibriados
Dithmenos
Elyvilon
Fedhas
Gozag
Hepliaklqana
Kikubaaqudgha
Makhleb
Nemelex Xobeh
Okawaru
Qazlal
Ru
Sif Muna
Trog
Uskayaw
Vehumet
Wu Jian
Xom
Yredelemnul
Zin
The Shining One
Jiyva
Lugonu

Shops:
D =(:[=![

Annotations:
D exclusion: oklob plant


Innate Abilities, Weirdness & Mutations

You reflexively headbutt those who attack you in melee.
You have a pair of horns on your head.
Your body often deteriorates upon taking damage.
You are extremely frail. (-30% HP)


Message History

You feel sick.
You now have 1009 gold pieces (gained 27).
You feel sick.
You feel sick.
You feel sick.
You feel sick.
You feel sick.
You start resting.
You feel sick. x5
You are no longer poisoned.
You start resting.
HP restored.
You start waiting.
Done waiting.
You open the door.
An oklob plant comes into view.
Marking area around an oklob plant as unsafe for travelling.
The oklob plant spits acid at you. The splash of acid hits you!
Your body deteriorates!
You feel dopey.
You are splashed with acid!
There is an open door here.
You hit the oklob plant.
The oklob plant is lightly damaged.
The oklob plant spits acid at you. The splash of acid hits you.
The acid corrodes you!
You are splashed with acid!
Your body deteriorates!
You feel dopey.
You completely miss the oklob plant.
The oklob plant is lightly damaged.
The oklob plant spits acid at you. The splash of acid hits you!
Your body deteriorates!
You feel dopey.
You have lost your intelligence.
The acid corrodes you!
You are splashed with acid!
* * * LOW HITPOINT WARNING * * *
Your body deteriorates!
You feel weakened. The oklob plant spits acid at you.
The splash of acid hits you!
* * * LOW HITPOINT WARNING * * *
You are splashed with acid!
You die...

###########################
..#.)'..#__#..)...#..#§§$k+
..'..#..'^.'..#)..##'#§#
#'#####'#__####...'..#§#
..#...#.####.)#####..+.#
###..##.#§§≈§§#..##+####
__##'#_.+§§§§§§..#.^.
...'..._#§≈≈.§#..#.°°.
__##_.#'##§#####@###○..
__###'#.#....###P+ ○.○#
#####.####'###.### .○##
...'...'.....'.∩# .○#
####...########## .####.###
..#.#'#.# ..#.....#
..#.[...#


You could see an oklob plant.

Vanquished Creatures
  2 centaur warriors (D)
  Sonja (D)
  A deep troll (D)
  8 shining eyes (D)
  A gargoyle (D)
  4 demonic crawlers (D)
  2 kobold demonologists (D)
  A hornet (D)
  A slime creature (D)
  Sigmund (D)
  A yak (D)
  5 floating eyes (D)
  An ogre (D)
  A jelly (D)
  Ijyb (D)
  A ballistomycete spore (D)
32 creatures vanquished.

Vanquished Creatures (others)
  A gargoyle (D)
  A ballistomycete spore (D)
2 creatures vanquished.

Grand Total: 34 creatures vanquished

Notes
Turn   | Place    | Note
-------+----------+-------------------------------------------
     0 | D        | Gaff the Minotaur Berserker began the quest for the Orb.
     0 | D        | Reached XP level 1. HP: 19/19 MP: 0/0
     1 | D        | Noticed Ijyb
    15 | D        | Killed Ijyb
    16 | D        | Reached skill level 5 in Fighting
    16 | D        | Reached skill level 5 in Axes
    16 | D        | Reached XP level 2. HP: 8/29 MP: 1/1
   281 | D        | Noticed an ogre
   285 | D        | Killed an ogre
   286 | D        | Reached XP level 3. HP: 34/40 MP: 2/2
   286 | D        | Reached XP level 4. HP: 41/48 MP: 3/3
   403 | D        | Noticed Sigmund
   421 | D        | Killed Sigmund
   421 | D        | Reached ** piety under Trog
   422 | D        | Reached skill level 5 in Armour
   422 | D        | Reached skill level 5 in Dodging
   422 | D        | Reached XP level 5. HP: 25/58 MP: 4/4
   617 | D        | Found an ornate altar of the Wu Jian Council.
   617 | D        | Found a shimmering blue altar of Sif Muna.
   619 | D        | Found a radiant altar of Vehumet.
   623 | D        | Reached skill level 10 in Fighting
   623 | D        | Reached skill level 10 in Axes
   623 | D        | Reached XP level 6. HP: 63/66 MP: 5/5
   646 | D        | Found Haarhona's Armour Emporium.
   646 | D        | Found an ancient bone altar of Kikubaaqudgha.
   646 | D        | Found a hazy altar of Hepliaklqana.
   646 | D        | Found a stormy altar of Qazlal.
   646 | D        | Found a hide-covered altar of Uskayaw.
   646 | D        | Found a blossoming altar of Fedhas.
   646 | D        | Found a bloodstained altar of Trog.
   646 | D        | Found an iron altar of Okawaru.
   646 | D        | Found a basalt altar of Yredelemnul.
   646 | D        | Found a glowing golden altar of the Shining One.
   646 | D        | Found a snail-covered altar of Cheibriados.
   646 | D        | Found a sacrificial altar of Ru.
   646 | D        | Found a glowing silver altar of Zin.
   646 | D        | Found a shadowy altar of Dithmenos.
   646 | D        | Found a white marble altar of Elyvilon.
   646 | D        | Noticed a yak
   660 | D        | Killed a yak
   661 | D        | Found an opulent altar of Gozag.
   662 | D        | Found a sparkling altar of Nemelex Xobeh.
   796 | D        | Found a burning altar of Makhleb.
   796 | D        | Found a viscous altar of Jiyva.
   796 | D        | Found a shimmering altar of Xom.
   796 | D        | Found a corrupted altar of Lugonu.
   796 | D        | Noticed a slime creature
   807 | D        | Killed a slime creature
   807 | D        | Reached *** piety under Trog
   808 | D        | Reached XP level 7. HP: 50/74 MP: 6/6
   958 | D        | Noticed a centaur warrior
   969 | D        | Noticed a kobold demonologist
   970 | D        | Noticed a kobold demonologist
   971 | D        | Noticed a chaos spawn
   977 | D        | Killed a kobold demonologist
   981 | D        | Killed a kobold demonologist
   981 | D        | Reached **** piety under Trog
   982 | D        | Reached XP level 8. HP: 86/86 MP: 7/7
  1017 | D        | Noticed a demonic crawler
  1017 | D        | Noticed a demonic crawler
  1017 | D        | Noticed a demonic crawler
  1017 | D        | Noticed a demonic crawler
  1025 | D        | Killed a demonic crawler
  1032 | D        | Killed a demonic crawler
  1039 | D        | Killed a demonic crawler
  1040 | D        | Reached skill level 10 in Armour
  1040 | D        | Reached skill level 1 in Stealth
  1040 | D        | Reached XP level 9. HP: 28/95 MP: 8/8
  1041 | D        | Killed a demonic crawler
  1360 | D        | Noticed a gargoyle
  1381 | D        | Killed a gargoyle
  1381 | D        | Reached ***** piety under Trog
  1382 | D        | Reached skill level 15 in Axes
  1484 | D        | Noticed a lindwurm
  1523 | D        | Noticed Sonja
  1528 | D        | Killed Sonja
  1529 | D        | Reached skill level 15 in Fighting
  1538 | D        | Killed a gargoyle
  1631 | D        | Noticed a deep troll
  1645 | D        | Killed a deep troll
  1658 | D        | Found Ofyuwa's Armour Emporium.
  1733 | D        | Found Goceuqin's Jewellery Boutique.
  1747 | D        | Noticed a shining eye
  1747 | D        | Noticed a shining eye
  1747 | D        | Noticed a shining eye
  1748 | D        | Gained mutation: Your body sometimes deteriorates upon
                  | taking damage. [a shining eye]
  1750 | D        | Paralysed by a floating eye for 2 turns
  1753 | D        | Paralysed by a floating eye for 2 turns
  1756 | D        | Received a gift from Trog
  1758 | D        | Paralysed by a floating eye for 4 turns
  1765 | D        | Reached XP level 10. HP: 106/106 MP: 3/9
  1771 | D        | Killed a shining eye
  1772 | D        | Reached skill level 10 in Dodging
  1776 | D        | Killed a shining eye
  1787 | D        | Killed a shining eye
  1796 | D        | Noticed a shining eye
  1796 | D        | Noticed a shining eye
  1796 | D        | Noticed a shining eye
  1798 | D        | Gained mutation: Your body often deteriorates upon taking
                  | damage. [a shining eye]
  1801 | D        | Gained mutation: You are frail. (-10% HP) [a shining eye]
  1804 | D        | Killed a shining eye
  1806 | D        | Gained mutation: You are very frail. (-20% HP) [a shining
                  | eye]
  1808 | D        | Gained mutation: You are extremely frail. (-30% HP) [a
                  | shining eye]
  1809 | D        | Killed a shining eye
  1809 | D        | Received a gift from Trog
  1815 | D        | Killed a shining eye
  1816 | D        | Noticed a shining eye
  1816 | D        | Noticed a shining eye
  1832 | D        | Killed a shining eye
  1836 | D        | Killed a shining eye
  1854 | D        | Found Yddaatam's Jewellery Shop.
  1854 | D        | Found Hemiwn's Weapon Shoppe.
  1854 | D        | Found Kusaojaha's Distillery.
  1854 | D        | Found Nois's Book Emporium.
  1870 | D        | Bought a potion of degeneration for 12 gold pieces
  2049 | D        | Noticed a centaur warrior
  2064 | D        | Killed a centaur warrior
  2065 | D        | Reached XP level 11. HP: 41/81 MP: 3/10
  2069 | D        | Killed a centaur warrior
  2604 | D        | Noticed an oklob plant
  2607 | D        | Lost intelligence.
  2608 | D        | Splashed by an oklob plant's acid

Illustrated notes

Levels and vault maps discovered:
D:        dungeon_sprint_1 [red_sonja_temple_1, red_sonja_temple_small_1]

Skill      XL: |  1  2  3  4  5  6  7  8  9 10 11 |
---------------+----------------------------------+-----
Fighting       | 5 7 9 10 11 13 14 15 17 | 17.4
Axes           | 5 7 9 10 11 13 14 15 17 | 17.8
Armour         | 3 4 5 7 8 10 11 13 14 | 14.0
Dodging        | 3 4 5 6 7 8 9 11 | 11.5
Stealth        | 1 2 3 |  3.6

Action                   |  1- 3 |  4- 6 |  7- 9 | 10-12 || total
-------------------------+-------+-------+-------+-------++-------
Melee: Hand axe          |    14 |    40 |    63 |       ||   117
       Headbutt          |     2 |    14 |    17 |    17 ||    50
       War axe           |       |       |     1 |    44 ||    45
       Battleaxe         |       |       |       |    15 ||    15
Invok: Berserk           |     2 |       |     5 |       ||     7
Armor: Animal skin       |     2 |       |       |       ||     2
       Scale mail        |       |     9 |    36 |     3 ||    48
Dodge: Dodged            |     2 |     7 |    30 |     7 ||    46

Table legend: (Time is in decaauts)
 A = Elapsed time spent in this place.
 B = Non-inter-level travel time spent in this place.
 C = Inter-level travel time spent in this place.
 D = Time resting spent in this place.
 E = Time spent auto-exploring this place.
 F = Levels seen in this place.
 G = Mean time per level.
                   A        B        C        D        E       F      G
               +--------+--------+--------+--------+--------+-----+--------+
         Total |   2623 |   2570 |     53 |   1850 |      0 |   1 | 2623.0 |
       Dungeon |   2623 |   2570 |     53 |   1850 |      0 |   1 | 2623.0 |
               +--------+--------+--------+--------+--------+-----+--------+

Top non-repeatable levels by time:
       D: 2623 daAuts
